 Dungeon Crawl Stone Soup version 0.21-a0-146-g612aa8a (webtiles) character file.

19660 Manul the Fighter (level 12, -4/99 HPs)
             Began as a Mummy Gladiator on July 26, 2017.
             Was an Initiate of Gozag.
             Killed from afar by a gargoyle (12 damage)
             ... with a stone arrow
             ... on level 11 of the Dungeon.
             The game lasted 00:27:47 (19635 turns).

Manul the Fighter (Mummy Gladiator)                Turns: 19635, Time: 00:27:48

Health: -4/99      AC: 17    Str: 20    XL:     12   Next: 38%
Magic:  16/16      EV: 16    Int:  9    God:    Gozag
Gold:   628        SH:  0    Dex: 16    Spells: 11/11 levels left

rFire    x . .     SeeInvis .   j - +0 flail (crush)
rCold    + . .     Gourm    .   (no shield)
rNeg     + + +     Faith    .   K - +4 ring mail of Akuoz {rElec rN+}
rPois    ∞         Spirit   .   c - +1 helmet
rElec    +         Reflect  .   u - +0 cloak
rCorr    .         Harm     .   H - +0 pair of gloves
MR       +....                  i - +0 pair of boots
Stlth    +.........             (no amulet)
HPRegen  0.26/turn              L - ring of Duoge West {Int+2 Slay-2}
MPRegen  0.15/turn              (no ring)

@: gold aura
A: no food or potions, fire vulnerability, cold resistance 1, negative energy
resistance 3, torment resistance, unbreathing
a: Potion Petition, Call Merchant, Bribe Branch, Renounce Religion


You were on level 11 of the Dungeon.
You worshipped Gozag.
Gozag was pleased with you.
You were not hungry.

You visited 2 branches of the dungeon, and saw 14 of its levels.
You also visited: Ossuary.

You collected 2606 gold pieces.
You spent 472 gold pieces at shops.
You paid 1506 gold pieces to Gozag.

Inventory:

Hand Weapons
 j - a +0 flail of crushing (weapon)
 q - the +5 spear of Judgement {venom, Fragile rN+ Int+2 Dex+9}
   (You found it on level 10 of the Dungeon)

   It poisons the flesh of those it strikes.
   It affects your intelligence (+2).
   It affects your dexterity (+9).
   It protects you from negative energy.
   It will be destroyed if unequipped.
 t - a +0 battleaxe
 v - the +6 long sword "Kuen" {slice, SInv, unknown}
   (You found it on level 6 of the Dungeon)

   It inflicts extra damage upon your enemies.
   It lets you see invisible.
 B - the +7 bardiche of Gapp {speed, +Blink Dex+4}
   (You found it on level 9 of the Dungeon)

   Attacks with this weapon are significantly faster.
   It affects your dexterity (+4).
   It lets you blink.
Armour
 c - a +1 helmet (worn)
 i - a +0 pair of boots (worn)
 u - a +0 cloak (worn)
 A - the +1 robe "Ukarie" {rElec Str-2 Int+4 Dex+2}
   (You found it on level 9 of the Dungeon)

   It affects your strength (-2).
   It affects your intelligence (+4).
   It affects your dexterity (+2).
   It insulates you from electricity.
 F - a scarf of spirit shield
 H - a +0 pair of gloves (worn)
 K - the +4 ring mail of Akuoz (worn) {rElec rN+}
   (You bought it in a shop on level 12 of the Dungeon)

   It insulates you from electricity.
   It protects you from negative energy.
Jewellery
 k - an uncursed ring of wizardry
 L - the ring of Duoge West (left hand) {Int+2 Slay-2}
   (You bought it in a shop on level 12 of the Dungeon)

   [ring of slaying]

   It affects your intelligence (+2).
   It affects your accuracy and damage with ranged weapons and melee attacks
   (-2).
Wands
 d - a wand of disintegration (0/24)
 e - a wand of enslavement (0/24)
 m - a wand of paralysis (11/24)
 o - a wand of digging (11/24)
 s - a wand of iceblast (8/15)
 x - a wand of confusion (25/48)
 C - a wand of lightning (8/15)
 G - a wand of iceblast (4/15)
Scrolls
 f - 3 scrolls of remove curse
 g - a scroll of recharging
 p - 5 scrolls of enchant weapon
 r - 5 scrolls of fog
 w - a scroll of identify
 y - a scroll of enchant armour
Books
 n - a book of Cantrips

   Spells                             Type                      Level
   a - Confusing Touch                Hexes                        1
   b - Animate Skeleton               Necromancy                   1
   c - Summon Small Mammal            Summoning                    1
   d - Apportation                    Translocation                1
 I - a book of the Tempests

   Spells                             Type                      Level
   a - Static Discharge               Conjuration/Air              3
   b - Lightning Bolt                 Conjuration/Air              5
   c - Ignition                       Fire                         8
   d - Tornado                        Air                          9
   e - Shatter                        Earth                        9
Miscellaneous
 z - a lamp of fire
 D - 2 boxes of beasts


   Skills:
 + Level 10.7 Fighting
 - Level 4.9(6.8) Axes
 * Level 7.2(8.0) Maces & Flails
 - Level 0.7(3.1) Polearms
 + Level 2.1 Throwing
 + Level 7.6 Armour
 + Level 8.1 Dodging
 - Level 0.6 Stealth
 - Level 5.7 Evocations


You had 11 spell levels left.
You didn't know any spells.

Dungeon Overview and Level Annotations

Branches:
Dungeon (13/15)            Temple (1/1) D:7            Lair (0/6) D:11
    Orc: D:9-12      Vaults: D:13-14

Altars:
Ashenzari
Cheibriados
Dithmenos
Fedhas
Gozag
Hepliaklqana
Kikubaaqudgha
Makhleb
Nemelex Xobeh
Okawaru
Qazlal
Ru
Sif Muna
Trog
Uskayaw
Vehumet
Wu Jian
Xom
Yredelemnul
Zin

Shops:
D:7 !   D:10 (?   D:12 *

Annotations:
D:11 Psyche


Innate Abilities, Weirdness & Mutations

You do not eat or drink.
Your flesh is vulnerable to fire.
You are immune to poison.
Your flesh is cold resistant. (rC+)
You are immune to negative energy. (rN+++)
You are immune to unholy pain and torment.
You can survive without breathing.


Message History

Something hits you.
* * * LOW HITPOINT WARNING * * *
Deactivating autopickup; reactivate with Ctrl-A.
You start resting.
Something hits you but does no damage.
You start resting.
Something closely misses you. x2
Psyche the Insane Magess comes into view.
She is wielding a dagger of chaos.
You swap places.
Something hits your larval batox beast!
Things that are here:
a hand axe; 23 stones
As you read the scroll of teleportation, it crumbles to dust.
You feel strangely unstable.
Something hits your larval batox beast but does no damage.
Your surroundings suddenly seem different.
Evoke which item? (* to show all) (? for menu, Esc to quit)
You open the lid... ...and a larval batweird beast flies out!
The gargoyle hurls a stone arrow at you.
The stone arrow hits you!
You die...
Your body crumbles into a pile of gold.

.. .#.
###......###.##......#
#... .......#
.........## ##......#
........# #......##
........# ###......'
.....o..# #........#
........# #....H...#
........# #........#
........####
'....9.@.#
............
#.....####
........#### #.....
####(#....#
♣P......##....
#.####.#
........P#....
###.####.#
...P...P.####
.........## .>.Pr....
######### ###.####...
.........# #.......#
#..# P........
#.......# ###.####..#


You could see a gargoyle and a friendly larval batweird beast.

Vanquished Creatures
  Erica (D:9)
  7 two-headed ogres
  A cyclops (D:11)
  2 gargoyles
  A queen bee (D:10)
  A troll (D:10)
  Prince Ribbit (D:5)
  6 hippogriffs
  2 wraiths (D:10)
  A wyvern (D:11)
  15 yaks
  A hungry ghost (D:8)
  Edmund (D:4)
  A porcupine (D:11)
  An ice beast (D:8)
  A hornet zombie (D:12)
  6 orc warriors
  3 phantoms
  4 black bears
  3 sky beasts
  4 ogres
  18 centaurs
  2 big kobolds
  A crocodile (D:11)
  Blork the orc (D:5)
  12 bullfrogs
  A wyvern zombie (D:9)
  A water moccasin zombie (D:6)
  28 killer bees
  4 scorpions
  5 wights (D:7)
  4 howler monkeys
  7 crimson imps
  2 centaur zombies (D:12)
  2 quasits
  2 bullfrog zombies
  4 jellies
  5 hounds
  Crazy Yiuf (D:3)
  4 orc priests
  12 orc wizards
  4 bullfrog skeletons
  3 centaur skeletons
  2 iguanas
  7 worker ants
  Natasha (thrice) (D:4)
  3 big kobold zombies (Ossuary)
  2 mummies
  A worker ant zombie (D:8)
  6 adders
  6 gnolls
  2 shadow imps
  An ooze (D:1)
  3 adder zombies
  2 worms
  A dart slug (D:1)
  4 leopard geckos
  54 orcs
  4 spectral bats (Ossuary)
  A ball python (D:3)
  10 bats
  3 giant cockroaches
  3 gnoll zombies (Ossuary)
  7 goblins
  10 hobgoblins
  21 jackals
  18 kobolds
  4 quokkas
  7 frilled lizards
  A goblin zombie (Ossuary)
  3 hobgoblin zombies (Ossuary)
  6 orc zombies (Ossuary)
  9 rats
  3 spectral goblins (Ossuary)
  6 spectral kobolds (Ossuary)
399 creatures vanquished.

Vanquished Creatures (collateral kills)
  A hungry ghost (D:11)
  An ogre (Temple)
2 creatures vanquished.

Vanquished Creatures (others)
  A killer bee (D:10)
  A howler monkey (Temple)
  A centaur skeleton (D:4)
  4 bushes (D:11)
  4 fungi (D:11)
  15 plants (D:11)
26 creatures vanquished.

Grand Total: 427 creatures vanquished

Notes
Turn   | Place    | Note
-------+----------+-------------------------------------------
     0 | D:1      | Manul the Mummy Gladiator began the quest for the Orb.
     0 | D:1      | Reached XP level 1. HP: 16/16 MP: 1/1
   164 | D:1      | Reached XP level 2. HP: 18/22 MP: 2/2
   531 | D:1      | Reached XP level 3. HP: 24/27 MP: 3/3
   795 | D:1      | HP: 1/27 [adder (2)]
  1454 | D:2      | Reached XP level 4. HP: 32/34 MP: 4/4
  1946 | D:3      | Reached skill level 1 in Armour
  2248 | D:3      | Found a runed door.
  2323 | D:3      | Found a radiant altar of Vehumet.
  2348 | D:3      | Found a stormy altar of Qazlal.
  2348 | D:3      | Found a sparkling altar of Nemelex Xobeh.
  2702 | D:4      | Noticed Edmund
  2720 | D:4      | Killed Edmund
  2720 | D:4      | Reached XP level 5. HP: 20/39 MP: 5/5
  2789 | D:4      | Found an ornate altar of the Wu Jian Council.
  2860 | D:4      | Found a sand-covered staircase.
  2986 | Ossuary  | Entered an ossuary
  3216 | Ossuary  | Reached XP level 6. HP: 46/46 MP: 6/6
  3316 | Ossuary  | Reached skill level 1 in Maces & Flails
  3546 | D:4      | Reached skill level 3 in Fighting
  3584 | D:4      | Noticed Natasha
  3590 | D:4      | Killed Natasha
  3705 | D:4      | Noticed Natasha
  3715 | D:4      | Killed Natasha
  3825 | D:5      | Entered Level 5 of the Dungeon
  3843 | D:5      | Reached XP level 7. HP: 46/52 MP: 7/7
  3847 | D:5      | Found a blossoming altar of Fedhas.
  3849 | D:5      | Noticed Prince Ribbit
  4074 | D:4      | Noticed Natasha
  4081 | D:4      | Killed Natasha
  4453 | D:5      | Reached skill level 4 in Fighting
  4882 | D:6      | Reached XP level 8. HP: 34/61 MP: 8/8
  5038 | D:6      | Reached skill level 5 in Fighting
  5226 | D:6      | Noticed a hippogriff
  5712 | D:7      | Found an ornate altar of the Wu Jian Council.
  5809 | D:7      | Found a staircase to the Ecumenical Temple.
  5828 | Temple   | Entered the Ecumenical Temple
  6345 | Temple   | Became a worshipper of Gozag Ym Sagoz the Greedy
  6628 | D:6      | Killed a hippogriff
  6628 | D:6      | Reached skill level 1 in Evocations
  6705 | D:5      | Killed Prince Ribbit
  6781 | D:5      | Noticed Blork the orc
  6788 | D:5      | Killed Blork the orc
  6788 | D:5      | Reached skill level 6 in Fighting
  6792 | D:5      | Reached skill level 5 in Dodging
  7183 | D:5      | Reached XP level 9. HP: 69/69 MP: 10/10
  7426 | D:3      | Noticed Crazy Yiuf
  7587 | D:3      | Killed Crazy Yiuf
  7738 | D:6      | Found a snail-covered altar of Cheibriados.
  7778 | D:6      | Got a smoking long sword
  7962 | D:7      | Found Taank's Distillery.
  7972 | D:7      | Reached skill level 5 in Armour
  8109 | D:8      | Noticed a two-headed ogre
  8121 | D:8      | Killed a two-headed ogre
  8121 | D:8      | Reached skill level 7 in Fighting
  8704 | D:8      | Reached XP level 10. HP: 79/80 MP: 12/12
  8744 | D:8      | Noticed a two-headed ogre
  8757 | D:8      | Killed a two-headed ogre
  8757 | D:8      | Reached skill level 8 in Fighting
  9148 | D:9      | Noticed Erica
  9303 | D:9      | Got an opalescent robe
  9307 | D:9      | Got a jewelled bardiche
  9314 | D:10     | Entered Level 10 of the Dungeon
  9314 | D:10     | Found Nog Zadd's Antique Weapon Boutique.
  9318 | D:10     | Identified the +7 bardiche of Gapp {speed, +Blink Dex+4} (You found it on level 9 of the Dungeon)
  9467 | D:10     | Bought a scroll of teleportation for 51 gold pieces
  9467 | D:10     | Bought a scroll of teleportation for 51 gold pieces
  9467 | D:10     | Bought a scroll of identify for 34 gold pieces
  9479 | D:10     | Identified the +1 robe "Ukarie" {rElec Str-2 Int+4 Dex+2} (You found it on level 9 of the Dungeon)
 10817 | D:9      | Killed Erica
 10817 | D:9      | Reached skill level 9 in Fighting
 11460 | D:10     | Noticed a two-headed ogre
 11471 | D:10     | Killed a two-headed ogre
 11471 | D:10     | Reached XP level 11. HP: 42/89 MP: 14/14
 11903 | D:9      | Reached skill level 5 in Evocations
 12051 | D:10     | Noticed a two-headed ogre
 12072 | D:11     | HP: 4/89 [something (5)]
 12076 | D:11     | Found a staircase to the Lair.
 12076 | D:11     | Noticed a two-headed ogre
 12369 | D:11     | Noticed a two-headed ogre
 12971 | D:10     | Killed a two-headed ogre
 12971 | D:10     | Reached skill level 10 in Fighting
 13296 | D:10     | Got an ichor-stained spear
 13407 | D:10     | Identified the +5 spear of Judgement {venom, Fragile rN+ Int+2 Dex+9} (You found it on level 10 of the Dungeon)
 14888 | D:11     | Identified a scroll of acquirement
 14889 | D:11     | Got a vibrating bone ring
 14890 | D:11     | Identified the ring of Oneruri {+Fly rElec Str+3} (You acquired it on level 11 of the Dungeon)
 15357 | D:11     | Noticed a red ugly thing
 16570 | D:11     | Killed a two-headed ogre
 16570 | D:11     | Reached skill level 5 in Maces & Flails
 16742 | D:12     | Killed a two-headed ogre
 17476 | D:13     | Noticed a red ugly thing
 17499 | D:12     | Reached XP level 12. HP: 64/98 MP: 16/16
 18775 | D:12     | Found a shimmering altar of Xom.
 18864 | D:12     | Bought a distressingly furry ring mail for 216 gold pieces
 18874 | D:12     | Identified the +4 ring mail of Akuoz {rElec rN+} (You bought it in a shop on level 12 of the Dungeon)
 19078 | D:12     | Bought a twitching jade ring for 120 gold pieces
 19079 | D:12     | Identified the cursed ring of Duoge West {Int+2 Slay-2} (You bought it in a shop on level 12 of the Dungeon)
 19512 | D:11     | Noticed a two-headed ogre
 19562 | D:11     | Killed a two-headed ogre
 19604 | D:11     | HP: 3/99 [wyvern (8)]
 19620 | D:11     | HP: 4/99 [something (3)]
 19623 | D:11     | Noticed Psyche
 19635 | D:11     | Killed from afar by a gargoyle

Vault maps used:
D:1:      lemuel_arrival_funnel
D:2:      first_bread, guppyfry_early_orc_mine
D:3:      marbit_many_paths, gammafunk_temple_overflow_elements,
          lemuel_statue_altar, uniq_crazy_yiuf_cottage
D:4:      lemuel_doored_altar, gup_ossuary_entry_pyramid, uniq_edmund,
          uniq_natasha
D:5:      fedhas_bush_and_centaur_altar, uniq_prince_ribbit1, uniq_blork_the_orc
D:6:      lemuel_tele_altar
D:7:      minmay_temple_entry_water_ring, basic_altar, serial_shops,
          kennysheep_little_box
D:9:      hangedman_glass_teeth, uniq_erica
D:10:     special_room, serial_shops, shop
D:11:     minmay_lair_entry_grove, orc_0_dummy, enter_bailey_3,
          blue_anna_alchemist, uniq_psyche
D:12:     tgw_xom
D:13:     grunt_ministairs_4, minivault_19, minivault_23, jmf_multi_god_temple,
          uniq_nessos
Temple:   dpeg_five_rooms_temple
Ossuary:  ossuary_zaba_two_paths

Skill      XL: |  1  2  3  4  5  6  7  8  9 10 11 12 |
---------------+-------------------------------------+-----
Dodging        | 3 4 5 6 7 8 |  8.1
Axes           | 3 4 |  4.9
Armour         | 1 2 3 4 5 7 |  7.6
Maces & Flails | 2 5 7 |  7.2
Fighting       | 3 4 6 7 9 10 | 10.7
Evocations     | 1 3 4 5 |  5.7
Throwing       | 2 |  2.1
Polearms       | |  0.7
Stealth        | |  0.6

Action                   |  1- 3 |  4- 6 |  7- 9 | 10-12 || total
-------------------------+-------+-------+-------+-------++-------
Melee: War axe           |    99 |   106 |       |       ||   205
       Flail             |       |   146 |   424 |  1183 ||  1753
       Bardiche          |       |       |       |     2 ||     2
Throw: Throwing net      |       |     3 |     3 |     2 ||     8
Invok: Potion Petition   |       |       |       |     2 ||     2
       Call Merchant     |       |       |       |     2 ||     2
Evoke: Wand              |       |       |    12 |    37 ||    49
       Box of beasts     |       |       |       |     2 ||     2
  Use: Scroll            |       |     3 |    11 |    14 ||    28
 Stab: Held in net/web   |       |     2 |     1 |     1 ||     4
       Paralysed         |       |       |    17 |    44 ||    61
       Distracted        |       |       |     2 |     4 ||     6
       Confused          |       |       |       |    13 ||    13
       Invisible         |       |       |       |     1 ||     1
Armor: Leather armour    |    41 |     3 |       |       ||    44
       Ring mail         |       |    89 |   206 |   614 ||   909
Dodge: Dodged            |    93 |   180 |   342 |  1444 ||  2059
